 Dungeon Crawl Stone Soup version 0.30-a0-377-g5cb311bc9f (webtiles) character file.

Game seed: 4922217249997903541

6 ragingrage the Stinger (level 1, 0/11 HPs)
             Began as an Octopode Venom Mage on Nov 30, 2022.
             Slain by a hobgoblin (3 damage)
             ... on level 1 of the Dungeon.
             The game lasted 00:00:35 (290 turns).

ragingrage the Stinger (Octopode Venom Mage)         Turns: 290, Time: 00:00:36

Health: 0/11       AC:  1    Str:  7    XL:     1   Next: 90%
Magic:  3/3        EV: 13    Int: 17    God:
Gold:   34         SH:  0    Dex: 12    Spells: 3/4 levels left

rFire   . . .      SeeInvis .    d - +0 dagger
rCold   . . .      Faith    .    (no shield)
rNeg    . . .      Spirit   .    (helmet restricted)
rPois   .          Reflect  .    (no amulet)
rElec   .          Harm     .    (no ring)
rCorr   .          Rampage  .    (no ring)
Will    .....                    (no ring)
Stlth   +++.......               (no ring)
HPRegen 0.21/turn                (no ring)
MPRegen 0.08/turn                (no ring)
                                 (no ring)
                                 (no ring)

@: no status effects
A: almost no armour, amphibious, 8 rings, camouflage 1, gelatinous body 1,
(nimble swimmer 1), tentacles
a: no special abilities


You were on level 1 of the Dungeon.
You visited 1 branch of the dungeon, and saw 1 of its levels.

You collected 34 gold pieces.

Inventory:

Hand Weapons
 d - a +0 dagger (weapon)
Scrolls
 b - 2 scrolls of identify {unknown}
Potions
 a - a potion of magic
 c - a potion of flight {unknown}


   Skills:
 - Level 2.0 Dodging
 - Level 2.6 Stealth
 - Level 2.0 Spellcasting
 - Level 1.0 Transmutations
 + Level 4.2 Poison Magic


You had 3 spell levels left.
You knew the following spells:

 Your Spells              Type           Power      Damage    Failure   Level
a - Sting                 Tmut/Pois      40%        1d5       7%          1

Your spell library contained the following spells:

 Spells                   Type           Power      Damage    Failure   Level
 Poisonous Vapours        Pois/Air       16%        N/A       12%         2
 Mephitic Cloud           Conj/Pois/Air  6%         N/A       32%         3
 Olgreb's Toxic Radiance  Pois           16%        N/A       34%         4


Dungeon Overview and Level Annotations

Branches:
Dungeon (1/15)

Altars:


Innate Abilities, Weirdness & Mutations

You cannot wear most types of armour.
You are amphibious.
You can wear up to eight rings at the same time.
Your skin changes colour to match your surroundings (Stealth+).
Your rubbery body absorbs attacks. (AC +1, EV +1)
((You are camouflaged when in or above water. (Stealth+)))
You have tentacles for arms and can constrict up to eight enemies at once.


Message History

You tentacle-slap the frilled lizard but do no damage.
The frilled lizard is heavily wounded.
You constrict the frilled lizard.
You kill the frilled lizard!
You swing at nothing.
You swing at nothing.
Aiming: Sting (safe; 7% risk of failure)
Press: ? - help, Q - select action Shift-Dir - straight line, f - goblin
Aim: a goblin, wielding a +0 dagger (64% to hit)
The sting misses the goblin.
Aiming: Sting (safe; 7% risk of failure)
Press: ? - help, Q - select action Shift-Dir - straight line, f/p - goblin
Aim: a goblin, wielding a +0 dagger (64% to hit)
The sting misses the goblin.
Aiming: Sting (safe; 7% risk of failure)
Press: ? - help, Q - select action Shift-Dir - straight line, f/p - goblin
Aim: a goblin, wielding a +0 dagger (64% to hit)
The sting hits the goblin.
The goblin is poisoned.
The goblin is severely wounded.
You don't have enough magic to cast this spell.
Unknown command.
You kill the goblin!
You hear a splash.
Things that are here:
a +0 dagger; a goblin corpse
d - a +0 dagger
d - a +0 dagger (weapon)
Unknown command.
Found a stone staircase leading down.
A goblin and a hobgoblin come into view.
Found a dagger.
There are monsters nearby!
There are monsters nearby!
Found a leather armour.
The goblin attacks as you move away! The goblin barely misses you.
The hobgoblin attacks as you move away! The hobgoblin hits you.
The goblin attacks as you move away! The goblin hits you with a +0 club.
* * * LOW HITPOINT WARNING * * *
The hobgoblin attacks as you move away! The hobgoblin hits you.
You die...

######### #### #.......#
#...## #.###...# #.....# .
#.###.### ....... .
#######.##..# ....... .
........##.########.......
.
.####.........g...........#
.
.............@g........>..[
.
........##..########.......
.............## .......
...~~~..[..#..## #)....# ..
~..~~~~~~~.....#### #...##
.~~~~~~≈≈~~~~~†......# ####
~~~≈≈≈≈≈≈≈≈≈≈~~~..##..
~≈≈≈≈≈≈≈≈≈≈≈≈≈≈~~..#
~≈≈≈≈#####≈≈≈≈≈≈~~..#


You could see a hobgoblin and a goblin.

Vanquished Creatures
  2 goblins (D:1)
  A hobgoblin (D:1)
  A bat (D:1)
  A frilled lizard (D:1)
  A rat (D:1)
6 creatures vanquished.

Notes
Turn   | Place    | Note
-------+----------+-------------------------------------------
     0 | D:1      | ragingrage the Octopode Venom Mage began the quest for the
                  | Orb.
     0 | D:1      | Reached XP level 1. HP: 11/11 MP: 3/3
   173 | D:1      | Reached skill level 4 in Poison Magic
   290 | D:1      | Slain by a hobgoblin

Illustrated notes

Levels and vault maps discovered:
D:1:      minmay_arrival_shoal_huts, layout_rooms

Skill      XL: |  1 |
---------------+----+-----
Poison Magic   | 4 |  4.2
Dodging        | |  2.0
Stealth        | |  2.6
Spellcasting   | |  2.0
Transmutations | |  1.0

Action                   || total
-------------------------++-------
Melee: Unarmed           ||     5
       Constrict         ||     2
 Cast: Sting             ||     9
Dodge: Dodged            ||    11

Table legend: (Time is in decaauts)
 A = Elapsed time spent in this place.
 B = Non-inter-level travel time spent in this place.
 C = Inter-level travel time spent in this place.
 D = Time resting spent in this place.
 E = Time spent auto-exploring this place.
 F = Levels seen in this place.
 G = Mean time per level.
                   A        B        C        D        E       F      G
               +--------+--------+--------+--------+--------+-----+--------+
         Total |    289 |    289 |      0 |     36 |    166 |   1 |  289.0 |
       Dungeon |    289 |    289 |      0 |     36 |    166 |   1 |  289.0 |
               +--------+--------+--------+--------+--------+-----+--------+

Top non-repeatable levels by time:
     D:1: 289 daAuts
